MWL
APPLETON FOXES @ BURLINGTON BEES
08/23/1982
 
TOP OF THE 1ST
Appleton Foxes batting - Pitching for Burlington Bees : LHP Randall Boyce
Pitching: LHP Randall Boyce
Batting: LHB Mike Woodard 0-0: Ball
1-0: TRIPLE (Groundball, 3L, EV 95.0 MPH)
Batting: SHB Matt Gallegos 0-0: Ball
1-0: Ball
2-0: SINGLE (Groundball, 6MD, EV 98.1 MPH)
Mike Woodard scores
Batting: RHB Chris Brown 0-0: Foul Ball, location: 2F
0-1: Ball
1-1: SINGLE (Groundball, 56D, EV 111.3 MPH)
Matt Gallegos to second
Batting: RHB Randy Asadoor 0-0: Foul Ball, location: 2F
0-1: Fly out, F7 (Flyball, 7D, EV 109.4 MPH)
Runner from 2nd tags up, SAFE at 3rd, no throw by LF
Batting: RHB Howard Lopes 0-0: Ball
1-0: Ball
2-0: Ball
3-0: Called Strike
3-1: Called Strike
3-2: Base on Balls
Chris Brown to second
Batting: RHB Robert Gilles 0-0: Ball
1-0: Ball
2-0: Ball
3-0: Foul Ball, location: 2F
3-1: Called Strike
3-2: Base on Balls
Matt Gallegos scores
Chris Brown to third
Howard Lopes to second
Batting: RHB George Hinshaw 0-0: Called Strike
0-1: Ball
1-1: Ball
2-1: Fly out, F7 (Flyball, 7, EV 98.1 MPH)
Batting: RHB Jeffery Carl 0-0: Ball
1-0: Ball
2-0: Called Strike
2-1: Foul Ball, location: 2F
2-2: Ball
3-2: Foul Ball, location: 2F
3-2: Ground out 4-3 (Groundball, 4, EV 103.1 MPH)
Top of the 1st over - 2 runs, 3 hits, 0 errors, 3 left on base; Appleton 2 - Burlington 0
BOTTOM OF THE 1ST
Burlington Bees batting - Pitching for Appleton Foxes : RHP George DeMaria
Pitching: RHP George DeMaria
Batting: LHB Herm Winningham 0-0: Called Strike
0-1: Foul Ball, location: 2F
0-2: SINGLE (Line Drive, 6MD, EV 94.4 MPH)
Batting: LHB Benny Distefano 0-0: Ball
1-0: Ball
2-0: Fly out, F8 (Line Drive, 8RM, EV 91.9 MPH)
Batting: RHB Steve Buechele 0-0: Called Strike
0-1: Ball
1-1: Ball
2-1: Grounds into double play, 6-4-3 (Groundball, 56, EV 104.4 MPH)
Bottom of the 1st over - 0 runs, 1 hit, 0 errors, 0 left on base; Appleton 2 - Burlington 0
TOP OF THE 2ND
Appleton Foxes batting - Pitching for Burlington Bees : LHP Randall Boyce
Batting: RHB Philip Sutton 0-0: Called Strike
0-1: Fly out, F9 (Flyball, 9, EV 98.1 MPH)
Batting: LHB Mike Woodard 0-0: Called Strike
0-1: Fly out, F5 (Popup, 5SF, EV 78.8 MPH)
Batting: SHB Matt Gallegos 0-0: Ball
1-0: Swinging Strike
1-1: Ball
2-1: Foul Ball, location: 2F
2-2: Ball
3-2: Foul Ball, location: 2F
3-2: Base on Balls
Batting: RHB Chris Brown 0-0: Ball
1-0: Foul Ball, location: 2F
1-1: Ball
2-1: Fly out, F8 (Line Drive, 8RM, EV 93.1 MPH)
Top of the 2nd over - 0 runs, 0 hits, 0 errors, 1 left on base; Appleton 2 - Burlington 0
BOTTOM OF THE 2ND
Burlington Bees batting - Pitching for Appleton Foxes : RHP George DeMaria
Batting: RHB Javier Ortiz 0-0: Ball
1-0: Foul Ball, location: 2F
1-1: Ball
2-1: SINGLE (Groundball, 6MD, EV 84.4 MPH) (infield hit)
Batting: LHB Brian Devalk 0-0: Ball
1-0: Called Strike
1-1: Foul Ball, location: 2F
1-2: Fly out, F8 (Line Drive, 8LM, EV 98.8 MPH)
Batting: RHB Mike Quade 0-0: Called Strike
0-1: Ball
Javier Ortiz is caught stealing 2nd base 2-4
1-1: Foul Ball, location: 2F
1-2: Strikes out swinging
Bottom of the 2nd over - 0 runs, 1 hit, 0 errors, 0 left on base; Appleton 2 - Burlington 0
TOP OF THE 3RD
Appleton Foxes batting - Pitching for Burlington Bees : LHP Randall Boyce
Batting: RHB Randy Asadoor 0-0: Ball
1-0: Ball
2-0: Ball
3-0: Called Strike
3-1: Ground out 3-1 (Groundball, 23, EV 85.0 MPH)
Batting: RHB Howard Lopes 0-0: Called Strike
0-1: Called Strike
0-2: Fly out, F9 (Flyball, 9D, EV 105.0 MPH)
Batting: RHB Robert Gilles 0-0: Ball
1-0: Ball
2-0: Ball
3-0: Base on Balls
Batting: RHB George Hinshaw 0-0: Fielders Choice at 2nd, 6-4 (Groundball, 6, EV 93.8 MPH)
Top of the 3rd over - 0 runs, 0 hits, 0 errors, 1 left on base; Appleton 2 - Burlington 0
BOTTOM OF THE 3RD
Burlington Bees batting - Pitching for Appleton Foxes : RHP George DeMaria
Batting: RHB Nick Hernandez 0-0: Called Strike
0-1: Foul Ball, location: 2F
0-2: Ground out 6-3 (Groundball, 6M, EV 103.1 MPH)
Batting: RHB Bob Hicks 0-0: Ball
1-0: Ball
2-0: Ball
3-0: Base on Balls
Batting: RHB Ronald Adkins 0-0: Called Strike
0-1: Ball
1-1: Foul Ball, location: 2F
1-2: Fielders Choice at 2nd, 6-4 (Groundball, 6, EV 85.6 MPH)
Batting: LHB Herm Winningham 0-0: Ball
1-0: Ball
2-0: Ground out 3-1 (Groundball, 23, EV 86.9 MPH)
Bottom of the 3rd over - 0 runs, 0 hits, 0 errors, 1 left on base; Appleton 2 - Burlington 0
TOP OF THE 4TH
Appleton Foxes batting - Pitching for Burlington Bees : LHP Randall Boyce
Batting: RHB Jeffery Carl 0-0: Called Strike
0-1: Called Strike
0-2: SINGLE (Groundball, 4D, EV 108.8 MPH)
Batting: RHB Philip Sutton 0-0: Swinging Strike
0-1: Ball
1-1: Ball
2-1: Ball
3-1: Swinging Strike
3-2: Strikes out swinging
Batting: LHB Mike Woodard 0-0: Ball
1-0: Called Strike
1-1: Ball
2-1: Ball
3-1: Fielders Choice at 2nd, 6-4 (Groundball, 6, EV 101.3 MPH)
Batting: SHB Matt Gallegos 0-0: Ball
1-0: Called Strike
1-1: Fielders Choice at 2nd, 6-4 (Groundball, 6, EV 80.6 MPH)
Top of the 4th over - 0 runs, 1 hit, 0 errors, 1 left on base; Appleton 2 - Burlington 0
BOTTOM OF THE 4TH
Burlington Bees batting - Pitching for Appleton Foxes : RHP George DeMaria
Batting: LHB Benny Distefano 0-0: Ball
1-0: Ball
2-0: Ball
3-0: Fly out, F4 (Flyball, 4MD, EV 90.6 MPH)
Batting: RHB Steve Buechele 0-0: Ball
1-0: Swinging Strike
1-1: Ball
2-1: Swinging Strike
2-2: Ball
3-2: Foul Ball, location: 2F
3-2: Base on Balls
Batting: RHB Javier Ortiz 0-0: Called Strike
0-1: Foul Ball, location: 2F
0-2: Ball
1-2: Ball
2-2: Ball
3-2: Base on Balls
Steve Buechele to second
Batting: LHB Brian Devalk 0-0: SINGLE (Line Drive, 7S, EV 85.6 MPH)
Steve Buechele to third
Javier Ortiz to second
Runner from 3rd tries for Home, SAFE, throw by LF to home
Batting: RHB Mike Quade 0-0: Foul Ball, location: 2F
0-1: Ball
1-1: Foul Ball, location: 2F
1-2: Ball
2-2: Foul Ball, location: 2F
2-2: Foul Ball, location: 2F
2-2: Foul Ball, location: 2F
2-2: Fly out, F8 (Flyball, 8RXD, EV 81.9 MPH)
Runner from 2nd tags up, SAFE at 3rd, no throw by CF
Batting: RHB Nick Hernandez 0-0: Ball
1-0: SINGLE (Groundball, P, EV 86.9 MPH) (infield hit)
Javier Ortiz scores
Brian Devalk to second
Batting: RHB Bob Hicks 0-0: Fly out, F8 (Flyball, 8RXD, EV 98.8 MPH)
Bottom of the 4th over - 2 runs, 2 hits, 0 errors, 2 left on base; Appleton 2 - Burlington 2
TOP OF THE 5TH
Appleton Foxes batting - Pitching for Burlington Bees : LHP Randall Boyce
Batting: RHB Chris Brown 0-0: Foul Ball, location: 2F
0-1: Ball
1-1: Ball
2-1: Ball
3-1: Base on Balls
Batting: RHB Randy Asadoor 0-0: Ball
1-0: Called Strike
1-1: Ball
2-1: Foul Ball, location: 2F
2-2: Strikes out swinging
Batting: RHB Howard Lopes 0-0: Foul Ball, location: 2F
0-1: Ball
1-1: Ball
2-1: Ball
3-1: Base on Balls
Chris Brown to second
Batting: RHB Robert Gilles 0-0: Called Strike
0-1: Ball
1-1: Ball
2-1: Ball
3-1: Swinging Strike
3-2: Base on Balls
Chris Brown to third
Howard Lopes to second
Batting: RHB George Hinshaw 0-0: Ball
1-0: Called Strike
1-1: Ball
2-1: Ball
3-1: Base on Balls
Chris Brown scores
Howard Lopes to third
Robert Gilles to second
Batting: RHB Jeffery Carl 0-0: Called Strike
0-1: Ball
Wild Pitch!
Howard Lopes scores
Robert Gilles to third
George Hinshaw to second
1-1: Called Strike
1-2: Foul Ball, location: 2F
1-2: Ball
2-2: Foul Ball, location: 2F
2-2: Ball
3-2: Strikes out looking
Batting: RHB Philip Sutton 0-0: Swinging Strike
0-1: Swinging Strike
0-2: Foul Ball, location: 2F
0-2: Ball
1-2: Strikes out swinging
Top of the 5th over - 2 runs, 0 hits, 0 errors, 2 left on base; Appleton 4 - Burlington 2
BOTTOM OF THE 5TH
Burlington Bees batting - Pitching for Appleton Foxes : RHP George DeMaria
Batting: RHB Ronald Adkins 0-0: Ball
1-0: Swinging Strike
1-1: Ball
2-1: Ball
3-1: Swinging Strike
3-2: Fly out, F8 (Flyball, 89S, EV 90.6 MPH)
Batting: LHB Herm Winningham 0-0: Ball
1-0: Ball
2-0: Called Strike
2-1: Ball
3-1: Base on Balls
Batting: LHB Benny Distefano 0-0: Ball
1-0: Ball
2-0: Ball
3-0: Called Strike
3-1: Base on Balls
Herm Winningham to second
Batting: RHB Steve Buechele 0-0: Fly out, F4 (Popup, 4M, EV 65.6 MPH)
Batting: RHB Javier Ortiz 0-0: Called Strike
0-1: Fly out, F7 (Flyball, 7S, EV 91.3 MPH)
Bottom of the 5th over - 0 runs, 0 hits, 0 errors, 2 left on base; Appleton 4 - Burlington 2
TOP OF THE 6TH
Appleton Foxes batting - Pitching for Burlington Bees : LHP Randall Boyce
Batting: LHB Mike Woodard 0-0: Ball
1-0: Swinging Strike
1-1: Ground out U3 (Groundball, 3L, EV 108.8 MPH)
Batting: SHB Matt Gallegos 0-0: Foul Ball, location: 2F
0-1: Foul Ball, location: 2F
0-2: Ball
1-2: Ball
2-2: Fly out, F3 (Flyball, 3D, EV 83.1 MPH)
Batting: RHB Chris Brown 0-0: Foul Ball, location: 2F
0-1: Ball
1-1: Ball
2-1: Swinging Strike
2-2: Ball
3-2: Ground out 6-3 (Groundball, 6, EV 105.0 MPH)
Top of the 6th over - 0 runs, 0 hits, 0 errors, 0 left on base; Appleton 4 - Burlington 2
BOTTOM OF THE 6TH
Burlington Bees batting - Pitching for Appleton Foxes : RHP George DeMaria
Batting: LHB Brian Devalk 0-0: Ball
1-0: Ground out 4-3 (Groundball, 4, EV 82.5 MPH)
Batting: RHB Mike Quade 0-0: Called Strike
0-1: Foul Ball, location: 2F
0-2: Ball
1-2: Fly out, F8 (Flyball, 8RM, EV 83.8 MPH)
Batting: RHB Nick Hernandez 0-0: Swinging Strike
0-1: Swinging Strike
0-2: Strikes out looking
Bottom of the 6th over - 0 runs, 0 hits, 0 errors, 0 left on base; Appleton 4 - Burlington 2
TOP OF THE 7TH
Appleton Foxes batting - Pitching for Burlington Bees : LHP Randall Boyce
Batting: RHB Randy Asadoor 0-0: Foul Ball, location: 2F
0-1: Ball
1-1: Foul Ball, location: 2F
1-2: Ball
2-2: Ball
3-2: Foul Ball, location: 2F
3-2: Ground out 5-3 (Groundball, 5L, EV 78.1 MPH)
Batting: RHB Howard Lopes 0-0: Ground out 4-3 (Groundball, 4, EV 82.5 MPH)
Batting: RHB Robert Gilles 0-0: Called Strike
0-1: Called Strike
0-2: Ball
1-2: Ball
2-2: Ball
3-2: Base on Balls
Batting: RHB George Hinshaw 0-0: Fly out, F8 (Flyball, 78XD, EV 101.9 MPH)
Top of the 7th over - 0 runs, 0 hits, 0 errors, 1 left on base; Appleton 4 - Burlington 2
BOTTOM OF THE 7TH
Burlington Bees batting - Pitching for Appleton Foxes : RHP George DeMaria
Batting: RHB Bob Hicks 0-0: Ball
1-0: Swinging Strike
1-1: Ground out 1-3 (Groundball, 15, EV 72.5 MPH)
Batting: RHB Ronald Adkins 0-0: Ball
1-0: Foul Ball, location: 2F
1-1: Ball
2-1: Ball
3-1: Called Strike
3-2: Fly out, F8 (Line Drive, 8LM, EV 95.6 MPH)
Batting: LHB Herm Winningham 0-0: Ground out 4-3 (Groundball, 4, EV 104.4 MPH)
Bottom of the 7th over - 0 runs, 0 hits, 0 errors, 0 left on base; Appleton 4 - Burlington 2
TOP OF THE 8TH
Appleton Foxes batting - Pitching for Burlington Bees : LHP Randall Boyce
Batting: RHB Jeffery Carl 0-0: Called Strike
0-1: Ball
1-1: Called Strike
1-2: Foul Ball, location: 2F
1-2: Foul Ball, location: 2F
1-2: Foul Ball, location: 2F
1-2: Strikes out swinging
Batting: RHB Philip Sutton 0-0: Swinging Strike
0-1: Foul Ball, location: 2F
0-2: Foul Ball, location: 2F
0-2: Ground out 4-3 (Groundball, 34D, EV 96.3 MPH)
Batting: LHB Mike Woodard 0-0: Ball
1-0: SINGLE (Line Drive, 4D, EV 96.9 MPH)
Batting: SHB Matt Gallegos 0-0: Ball
1-0: Foul Ball, location: 2F
1-1: Foul Ball, location: 2F
1-2: Foul Ball, location: 2F
1-2: Ground out U3 (Groundball, 3, EV 92.5 MPH)
Top of the 8th over - 0 runs, 1 hit, 0 errors, 1 left on base; Appleton 4 - Burlington 2
BOTTOM OF THE 8TH
Burlington Bees batting - Pitching for Appleton Foxes : RHP George DeMaria
Pitching: RHP John McLarnan
Batting: LHB Benny Distefano 0-0: Ball
1-0: Ball
2-0: Called Strike
2-1: Swinging Strike
2-2: Ball
3-2: Foul Ball, location: 2F
3-2: Strikes out swinging wild pitch, reaches first!
Batting: RHB Steve Buechele 0-0: Ball
1-0: Fielders Choice at 2nd, 1-4 (Groundball, P, EV 68.1 MPH)
Batting: RHB Javier Ortiz 0-0: Ball
Wild Pitch!
Steve Buechele to second
1-0: Fly out, F9 (Flyball, 9LM, EV 101.3 MPH)
Runner from 2nd tags up, SAFE at 3rd, no throw by RF
Batting: LHB Brian Devalk 0-0: Ball
1-0: DOUBLE (Line Drive, 9LM, EV 110.0 MPH)
Steve Buechele scores
Pinch Hitting: LHB Keith Hagman 0-0: Ball
1-0: Ball
2-0: Foul Ball, location: 2F
2-1: Called Strike
2-2: Ball
3-2: Base on Balls
Batting: RHB Nick Hernandez 0-0: Ball
1-0: Called Strike
1-1: Swinging Strike
1-2: Ball
2-2: Foul Ball, location: 2F
2-2: Strikes out looking
Bottom of the 8th over - 1 run, 1 hit, 0 errors, 2 left on base; Appleton 4 - Burlington 3
TOP OF THE 9TH
Appleton Foxes batting - Pitching for Burlington Bees : LHP Randall Boyce
Pitching: RHP Roland Dickerson
Now at 2B: Jeffrey Dunn
Batting: RHB Chris Brown 0-0: Called Strike
0-1: SINGLE (Groundball, 6MD, EV 99.4 MPH) (infield hit)
Batting: RHB Randy Asadoor 0-0: Ball
1-0: SINGLE (Groundball, P, EV 81.9 MPH) (infield hit)
Chris Brown to second
Batting: RHB Howard Lopes 0-0: Ball
1-0: Called Strike
1-1: SINGLE (Line Drive, 7LS, EV 98.1 MPH)
Chris Brown to third
Randy Asadoor to second
Runner from 3rd tries for Home, SAFE, throw by LF to home
Batting: RHB Robert Gilles 0-0: Called Strike
0-1: Ball
1-1: Ball
2-1: Foul Ball, location: 2F
2-2: Foul Ball, location: 2F
2-2: Fly out, F8 (Flyball, 8LS, EV 97.5 MPH)
Batting: RHB George Hinshaw 0-0: Ground out 6-3 (Groundball, P, EV 93.1 MPH)
Randy Asadoor to third
Howard Lopes to second
Batting: RHB Jeffery Carl 0-0: Foul Ball, location: 2F
0-1: SINGLE (Groundball, 56D, EV 99.4 MPH)
Randy Asadoor scores
Howard Lopes to third
Runner from 3rd tries for Home, SAFE, throw by LF to home
Batting: RHB Philip Sutton 0-0: Ball
1-0: Called Strike
Jeffery Carl is caught stealing 2nd base 2-4
Top of the 9th over - 3 runs, 4 hits, 0 errors, 0 left on base; Appleton 7 - Burlington 3
BOTTOM OF THE 9TH
Burlington Bees batting - Pitching for Appleton Foxes : RHP John McLarnan
Batting: RHB Bob Hicks 0-0: SOLO HOME RUN (Flyball, 7LD, EV 96.9 MPH), Distance : 347 ft
Batting: RHB Ronald Adkins 0-0: Foul Ball, location: 2F
0-1: Ball
1-1: Ball
2-1: Foul Ball, location: 2F
2-2: Fly out, F6 (Flyball, 56D, EV 75.0 MPH)
Batting: LHB Herm Winningham 0-0: Foul Ball, location: 2F
0-1: Foul Ball, location: 2F
0-2: Foul Ball, location: 2F
0-2: Foul Ball, location: 2F
0-2: Fly out, F8 (Flyball, 8RD, EV 91.3 MPH)
Batting: LHB Benny Distefano 0-0: Called Strike
0-1: Ball
1-1: Ball
2-1: Ball
3-1: Swinging Strike
3-2: Strikes out swinging
Bottom of the 9th over - 1 run, 1 hit, 0 errors, 0 left on base; Appleton 7 - Burlington 4
Wednesday, August 26th, 2020 - OOTP Baseball 21.5 Build 76